 Dungeon Crawl Stone Soup version 0.31-a0-236-g9a0961fb85 (webtiles) character file.

Game seed: 1772820205069400422

753 qw the Shooter (level 7, -3/61 HPs)
             Began as a Minotaur Hexslinger on July 10, 2023.
             Slain by an ogre
             ... wielding a +0 giant club
              (14 damage)
             ... on level 5 of the Dungeon.
             The game lasted 00:01:28 (3717 turns).

qw the Shooter (Minotaur Hexslinger)                Turns: 3717, Time: 00:01:28

Health: -3/61      AC: 11    Str: 13    XL:     7   Next: 49%
Magic:  7/7        EV: 11    Int: 10    God:
Gold:   166        SH:  0    Dex: 14    Spells: 7/8 levels left

rFire   . . .        Y - +1 sling
rCold   . . .        (no shield)
rNeg    . . .        i - +0 ring mail
rPois   .            (helmet restricted)
rElec   .            (no cloak)
rCorr   .            l - +1 pair of gloves
SInv    .            (no boots)
Will    .....        o - amulet of faith
Stlth   +            p - +4 ring of protection
HPRegen 0.30/turn    (no ring)
MPRegen 0.10/turn

%: faith
@: about to teleport
A: horns 2, retaliatory headbutt
a: no special abilities


You were on level 5 of the Dungeon.
You visited 1 branch of the dungeon, and saw 5 of its levels.

You collected 166 gold pieces.


Innate Abilities, Weirdness & Mutations

You have a pair of horns on your head.
You reflexively headbutt those who attack you in melee.


   Skills:
 - Level 5.3 Fighting
 + Level 7.5 Ranged Weapons
 - Level 2.7 Armour
 - Level 2.1 Dodging
 - Level 1.0 Spellcasting
 - Level 2.0 Hexes


You had 7 spell levels left.
You knew the following spells:

 Your Spells              Type           Power      Damage    Failure   Level
a - Slow                  Hex            16%        N/A       30%         1

Your spell library contained the following spells:

 Spells                   Type           Power      Damage    Failure   Level
 Inner Flame              Hex/Fire       2%         N/A       80%         3
 Portal Projectile        Hex/Tloc       4%         N/A       80%         3
 Cause Fear               Hex            2%         N/A       97%         4

Inventory:

Hand Weapons
 Y - a +1 sling (weapon)
Armour
 d - a +0 pair of boots
 i - a +0 ring mail (worn)
 l - a +1 pair of gloves (worn)
Jewellery
 a - the amulet of Guwusut {rC+ Regen+}
   (You found it on level 3 of the Dungeon)

   [amulet of regeneration]

   rC:        It protects you from cold.
   Regen:     It increases your rate of health regeneration.
 o - an amulet of faith (around neck)
 p - a +4 ring of protection (left hand)
Scrolls
 f - a scroll of identify
 m - 2 scrolls of teleportation
Potions
 b - a potion of cancellation {unknown}
 c - a potion of haste {unknown}
 e - a potion of degeneration {unknown}
 g - a potion of heal wounds {unknown}
 j - a potion of attraction {unknown}

Dungeon Overview and Level Annotations

Branches:
Dungeon (5/15)
 Temple: D:4-7

Altars:

Annotations:
D:4 1 runed translucent door, Crazy Yiuf


Message History

The sling bullet barely misses the ogre.
You shoot a sling bullet.
The sling bullet completely misses the ogre.
The sling bullet hits the worm.
The worm is lightly wounded.
You shoot a sling bullet.
The sling bullet barely misses the ogre.
The sling bullet barely misses the worm.
You shoot a sling bullet.
The sling bullet barely misses the ogre.
The sling bullet hits the worm.
The worm is moderately wounded.
The ogre hits you but does no damage.
You shoot a sling bullet. The sling bullet hits the ogre.
The ogre is heavily wounded.
The ogre hits you with a +0 giant club.
You shoot a sling bullet. The sling bullet hits the ogre!
The ogre is severely wounded.
You shoot a sling bullet.
The sling bullet barely misses the ogre.
The sling bullet hits the worm.
The worm is moderately wounded.
The ogre hits you with a +0 giant club!!
You shoot a sling bullet.
The sling bullet hits the ogre but does no damage.
The ogre is severely wounded.
The ogre hits you with a +0 giant club!
You shoot a sling bullet.
The sling bullet barely misses the ogre.
The worm barely misses you. The ogre barely misses you.
You shoot a sling bullet.
The sling bullet completely misses the ogre.
The worm bites you but does no damage. The ogre hits you with a +0 giant club!
3716 ||| READING 3 scrolls of teleportation.
As you read the scroll of teleportation, it crumbles to dust.
You feel strangely unstable.
You shoot a sling bullet. The sling bullet hits the ogre.
The ogre is severely wounded.
The ogre hits you with a +0 giant club!
You die...

#.....# #
....#####.....# #####
...............#####...#
........................
...#...........#####...#
........##....[# ###...#
...............###.<...#
......w.#.......##.#...#
......O@........##.#....
........##......##.#..##
..#.....##......##.....#
#.....##.......###...#
#.....##.#####...#)..#
#......#.......#.)...#
##.....#######.##))..#
...... #.###.#.. #.#
#....


You could see an ogre and a worm.

Vanquished Creatures
  Sigmund (D:2)
  2 ogres
  A phantom (D:5)
  A scorpion (D:4)
  A hound (D:4)
  An orc priest (D:5)
  A sleepcap (D:5)
  An iguana (D:5)
  Terence (D:2)
  An orc wizard (D:5)
  5 adders
  3 worms
  2 dart slugs
  8 orcs
  3 bats
  7 endoplasms
  6 giant cockroaches
  2 hobgoblins (D:4)
  5 jackals
  3 quokkas
  7 ball pythons
  4 frilled lizards
  5 goblins
  3 kobolds
  4 rats
78 creatures vanquished.

Notes
Turn   | Place    | Note
-------+----------+-------------------------------------------
     0 | D:1      | qw the Minotaur Hexslinger began the quest for the Orb.
     0 | D:1      | Reached XP level 1. HP: 16/16 MP: 1/1
     0 | D:1      | 0 ||| qw: Version: 0.3-a-52-g30416fa
     0 | D:1      | 0 ||| qw: Game counter: 4579
     0 | D:1      | 0 ||| qw: Melee chars always use a shield: true
     0 | D:1      | 0 ||| qw: God list: Okawaru
     0 | D:1      | 0 ||| qw: Allow faded altars: false
     0 | D:1      | 0 ||| qw: Do Orc after clearing Dungeon:15 true
     0 | D:1      | 0 ||| qw: Do second Lair branch before Depths: true
     0 | D:1      | 0 ||| qw: Lair rune preference: random
     0 | D:1      | 0 ||| qw: Goals: Normal
     0 | D:1      | 0 ||| PLANNING D:1-11
   228 | D:1      | Reached skill level 3 in Ranged Weapons
   230 | D:1      | Reached XP level 2. HP: 22/23 MP: 2/2
   471 | D:1      | 471 ||| UPGRADING to +0 leather armour.
   481 | D:1      | 481 ||| DROPPING +0 robe.
   482 | D:1      | 482 ||| READING scroll labelled ESKOETW YHOY.
   487 | D:1      | 487 ||| DROPPING scroll of poison.
   521 | D:2      | Reached XP level 3. HP: 12/29 MP: 3/3
   538 | D:2      | 538 ||| FLEEEEING.
   548 | D:2      | 548 ||| STAIRDANCE
   617 | D:2      | Reached skill level 4 in Ranged Weapons
   620 | D:2      | Noticed Terence
   706 | D:2      | Killed Terence
   707 | D:2      | Reached XP level 4. HP: 34/36 MP: 4/4
   833 | D:2      | Reached skill level 5 in Ranged Weapons
   890 | D:2      | Found a faded altar of an unknown god.
  1134 | D:2      | Noticed Sigmund
  1141 | D:2      | Killed Sigmund
  1142 | D:2      | Reached XP level 5. HP: 16/48 MP: 5/5
  1142 | D:2      | Reached XP level 6. HP: 19/56 MP: 6/6
  1355 | D:2      | 1355 ||| UPGRADING to +0 ring mail.
  1365 | D:2      | 1365 ||| DROPPING +0 leather armour.
  1366 | D:2      | 1366 ||| UPGRADING to +0 pair of gloves.
  1371 | D:2      | 1371 ||| UPGRADING to amulet of faith.
  1376 | D:2      | 1376 ||| UPGRADING to +4 ring of protection.
  1377 | D:2      | 1377 ||| READING scroll labelled NAFE JAGUPT.
  1378 | D:2      | 1378 ||| READING scroll labelled SYS CITWUOCERE.
  1379 | D:2      | 1379 ||| READING scroll labelled FARGHU KIJYMOOSAMYC.
  1472 | D:2      | 1472 ||| READING scroll labelled FEILEU QYMI.
  1473 | D:2      | 1473 ||| READING 2 scrolls labelled XEREOF ROKO.
  1474 | D:2      | 1474 ||| READING scroll of enchant armour.
  1474 | D:2      | 1474 ||| ENCHANTING +0 pair of gloves.
  1475 | D:2      | 1475 ||| READING scroll labelled ISHOYCV TUEW.
  1476 | D:2      | 1476 ||| DRINKING 2 fuming orange potions.
  1522 | D:2      | 1522 ||| DROPPING potion of lignification.
  1688 | D:3      | Identified the amulet of Guwusut {rC+ Regen+}
  2250 | D:4      | 2250 ||| FLEEEEING.
  2251 | D:4      | 2251 ||| FLEEEEING.
  2252 | D:4      | 2252 ||| FLEEEEING.
  2255 | D:4      | 2255 ||| FLEEEEING.
  2257 | D:4      | 2257 ||| FLEEEEING.
  2258 | D:4      | 2258 ||| STAIRDANCE
  2298 | D:4      | 2298 ||| STAIRDANCE
  2818 | D:4      | Reached skill level 6 in Ranged Weapons
  2818 | D:4      | Reached XP level 7. HP: 56/61 MP: 7/7
  2819 | D:4      | 2819 ||| FLEEEEING.
  2820 | D:4      | 2820 ||| FLEEEEING.
  2836 | D:4      | 2836 ||| FLEEEEING.
  2837 | D:4      | 2837 ||| FLEEEEING.
  2838 | D:4      | 2838 ||| FLEEEEING.
  2839 | D:4      | 2839 ||| FLEEEEING.
  2840 | D:4      | 2840 ||| FLEEEEING.
  2841 | D:4      | 2841 ||| FLEEEEING.
  2842 | D:4      | 2842 ||| FLEEEEING.
  2987 | D:4      | Found a runed translucent door.
  2988 | D:4      | Noticed Crazy Yiuf
  3328 | D:4      | 3328 ||| DROPPING scarf of shadows.
  3329 | D:4      | 3329 ||| READING scroll labelled GOHOAD BECYMP.
  3354 | D:5      | Entered Level 5 of the Dungeon
  3500 | D:5      | Reached skill level 7 in Ranged Weapons
  3715 | D:5      | HP: 11/61 [ogre/+0 giant club (13)]
  3716 | D:5      | 3716 ||| READING 3 scrolls of teleportation.
  3717 | D:5      | Slain by an ogre

Levels and vault maps discovered:
D:1:      minmay_arrival_four_loops, layout_rooms
D:2:      layout_basic, basic_ecumenical_altar, minmay_vboxes, uniq_terence,
          uniq_sigmund
D:3:      layout_loops_ring, chequers_big_river
D:4:      layout_basic, uniq_crazy_yiuf_cottage
D:5:      layout_basic, minmay_misc_feat_alley, minmay_starry_boxes,
          uniq_eustachio

Skill      XL: |  1  2  3  4  5  6  7 |
---------------+----------------------+-----
Ranged Weapons | 3 4 5 6 7 |  7.5
Fighting       | 2 5 |  5.3
Armour         | 2 |  2.7
Dodging        | |  2.1
Spellcasting   | |  1.0
Hexes          | |  2.0

Action                     |  1- 3 |  4- 6 |  7- 9 || total
---------------------------+-------+-------+-------++-------
   Fire: Sling             |   102 |   130 |    98 ||   330
    Use: Scroll            |     1 |     7 |     2 ||    10
         Potion            |       |     1 |       ||     1
 Armour: Robe              |     3 |       |       ||     3
         Leather armour    |    12 |     8 |       ||    20
         Ring mail         |       |    15 |    36 ||    51
  Dodge: Dodged            |    62 |    37 |    29 ||   128

Table legend:
 A = Non-vault XP
 B = Vault XP
 C = Vault XP percentage of total XP
 D = Non-vault monster count
 E = Vault monster count
 F = Vault count percentage of total count
                 A         B        C        D         E       F
            +---------+---------+-------+---------+---------+-------
      Total |     777 |     299 |  27.8 |      69 |       9 |  11.5
            +---------+---------+-------+---------+---------+-------
        D:1 |      27 |       0 |   0.0 |      16 |       0 |   0.0
        D:2 |      63 |     299 |  82.6 |      20 |       9 |  31.0
        D:3 |     130 |       0 |   0.0 |       4 |       0 |   0.0
        D:4 |     298 |       0 |   0.0 |      21 |       0 |   0.0
        D:5 |     259 |       0 |   0.0 |       8 |       0 |   0.0
            +---------+---------+-------+---------+---------+-------
